Map: [ESL] Inside and Out

Players

LiquidClem (Clem) - Winner!

  • Race: Terran Terran
  • League: Grandmaster
  • Spawn Location: 1:00

Spirit (souL)

  • Race: Terran Terran
  • League: Master
  • Spawn Location: 7:00

Event: HomeStory Cup XXII

VOD

Have the link to the VOD?

Description

Time

  • Played on: Dec. 15, 2022, 8:34 a.m.
  • Length: 8:55

All games in this series

Show
View Real Time Build Order
Export as new Build Order

LiquidClem Terran - Winner!

Build Orders:  

Get SALT Encoding   

  12  0:00  SCV  
  13  0:12  SCV  
  14  0:16  Supply Depot  
  14  0:24  SCV  
  15  0:38  SCV  
  15  0:39  Barracks  
  16  0:44  Refinery  
  16  0:50  SCV  
  16  0:53  Refinery  
  17  1:02  SCV  
  18  1:14  SCV  
  19  1:26  Orbital Command  
  19  1:27  Reaper  
  19  1:31  Supply Depot  
  20  1:43  Factory  
  20  1:53  SCV  
  21  1:59  Reaper  
  22  2:05  SCV  
  23  2:19  Command Center  
  23  2:24  SCV  
  23  2:28  Hellion  
  26  2:35  Reaper  
  26  2:37  SCV  
  28  2:47  Supply Depot  
  28  2:49  SCV  
  28  2:53  Hellion  
  30  3:01  SCV  
  30  3:02  Starport  
  31  3:12  Barracks Reactor  
  30  3:13  SCV  
  30  3:15  Factory Tech Lab  
  31  3:25  SCV  
  32  3:32  Orbital Command  
  32  3:34  Refinery  
  32  3:36  Cyclone  
  32  3:38  SCV  
  32  3:41  Medivac  
  38  3:45  Supply Depot  
  38  3:49  Marine  
  38  3:50  Marine  
  38  3:52  SCV  
  41  3:58  SCV  
  42  4:04  SCV  
  42  4:08  Marine  
  42  4:09  Marine  
  45  4:10  SCV  
  45  4:16  SCV  
  47  4:19  Factory Tech Lab  
  47  4:22  SCV, Raven  
  50  4:25  Marine  
  50  4:26  Supply Depot, Marine  
  50  4:28  SCV  
  53  4:35  SCV  
  54  4:41  Siege Tank  
  54  4:42  SCV  
  54  4:43  Marine  
  59  4:45  Supply Depot  
  59  4:47  SCV  
  60  4:55  SCV  
  60  4:59  SCV  
  56  5:00  Marine  
  56  5:07  SCV  
  53  5:11  SCV  
  51  5:17  Raven, Marine  
  51  5:19  SCV  
  47  5:23  SCV  
  48  5:31  SCV  
  48  5:35  SCV, Marine  
  50  5:39  Siege Tank  
  54  5:43  SCV  
  54  5:47  SCV  
  56  5:50  Command Center  
  56  5:54  Barracks Reactor  
  56  5:55  SCV  
  57  5:58  Supply Depot  
  57  6:03  SCV  
  58  6:08  SCV  
  58  6:10  Raven  
  61  6:15  SCV  
  62  6:20  Supply Depot, SCV  
  62  6:23  Barracks  
  63  6:26  Refinery, Siege Tank, Barracks  
  63  6:27  SCV  
  63  6:30  Marine x2  
  63  6:32  SCV  
  70  6:35  Supply Depot  
  70  6:39  SCV  
  71  6:44  SCV  
  72  6:51  SCV  
  73  6:54  Engineering Bay  
  73  6:56  Engineering Bay, SCV  
  73  6:59  Siege Tank  
  77  7:02  Orbital Command  
  77  7:03  SCV  
  77  7:04  Marine  
  77  7:06  Viking  
  81  7:09  SCV, Viking  
  81  7:11  Barracks Reactor  
  85  7:15  SCV  
  85  7:16  Barracks Reactor  
  85  7:21  SCV  
  85  7:24  Supply Depot, Marine  
  85  7:27  SCV  
  87  7:33  SCV  
  87  7:34  SCV  
  92  7:37  Siege Tank  
  92  7:38  Viking  
  92  7:41  Supply Depot, Viking  
  96  7:46  SCV  
  96  7:48  Marine  
  96  7:49  SCV x2, Marine  
  88  7:54  Marine x3  
  88  7:58  SCV  
  86  8:06  Marine  
  86  8:07  Marine  
  86  8:08  SCV  
  86  8:10  Orbital Command  
  86  8:11  Marine  
  86  8:12  Marine x2  
  91  8:18  Siege Tank  
  91  8:19  SCV  
  95  8:20  SCV  
  95  8:23  Marine  
  95  8:25  Marine  
  98  8:29  Marine x2  
  98  8:31  SCV  
  98  8:34  SCV  
  102  8:36  Barracks  
  102  8:38  Barracks  
  102  8:40  SCV  
Show
View Real Time Build Order
Export as new Build Order

Spirit Terran 

Build Orders:  

Get SALT Encoding   

  12  0:00  SCV  
  13  0:12  SCV  
  14  0:16  Supply Depot  
  14  0:24  SCV  
  15  0:38  SCV  
  15  0:39  Barracks  
  16  0:44  Refinery  
  16  0:50  SCV  
  16  0:54  Refinery  
  17  1:02  SCV  
  18  1:14  SCV  
  19  1:26  Reaper  
  19  1:27  Supply Depot, Orbital Command  
  20  1:41  Factory  
  20  1:52  SCV  
  21  1:59  Barracks Reactor  
  21  2:05  SCV  
  22  2:16  Command Center  
  22  2:23  SCV  
  22  2:27  Hellion  
  25  2:35  SCV  
  25  2:36  Marine  
  25  2:37  Marine  
  28  2:47  SCV  
  29  2:51  Factory Tech Lab  
  29  2:53  Starport  
  29  2:54  Marine  
  30  2:59  Marine  
  30  3:02  Supply Depot  
  31  3:24  SCV, Siege Tank  
  31  3:25  Marine x2  
  37  3:30  Medivac  
  37  3:36  SCV  
  38  3:43  Marine  
  39  3:58  SCV  
  39  3:59  Refinery  
  39  4:01  Orbital Command  
  39  4:08  Raven  
  41  4:10  SCV  
  41  4:13  Factory Tech Lab, Marine  
  41  4:14  Marine  
  44  4:22  SCV  
  45  4:25  Supply Depot  
  45  4:28  SCV  
  46  4:31  Marine  
  46  4:33  Cyclone  
  46  4:34  SCV  
  51  4:40  SCV  
  51  4:41  Marine  
  51  4:46  SCV  
  51  4:49  Marine  
  48  4:52  SCV  
  48  4:58  SCV  
  48  4:59  Marine  
  45  5:05  SCV  
  40  5:07  Marine  
  40  5:10  SCV  
  40  5:16  Marine  
  40  5:17  SCV  
  39  5:23  SCV, Raven  
  39  5:25  Marine  
  42  5:29  SCV  
  42  5:34  Marine  
  42  5:35  SCV  
  45  5:41  SCV  
  46  5:42  Marine  
  46  5:47  SCV  
  48  5:52  Marine  
  48  5:53  SCV  
  53  5:57  Siege Tank  
  53  5:59  SCV  
  53  6:00  Marine  
  55  6:05  SCV  
  55  6:11  SCV  
  58  6:13  Supply Depot  
  58  6:16  Supply Depot  
  58  6:17  SCV  
  59  6:23  SCV  
  59  6:29  Siege Tank  
  62  6:35  Viking, SCV x2  
  66  6:41  Supply Depot  
  66  6:42  Viking  
  68  6:47  SCV  
  69  6:56  Command Center, SCV  
  69  6:59  SCV  
  74  7:01  Siege Tank  
  74  7:08  Supply Depot, SCV  
  74  7:11  SCV  
  76  7:16  Viking  
  76  7:20  SCV, Marine  
  80  7:26  SCV  
  81  7:30  Viking  
  81  7:33  SCV, Siege Tank  
  87  7:38  SCV, Marine  
  87  7:42  Supply Depot  
  87  7:43  Supply Depot  
  89  7:45  SCV  
  89  7:52  SCV  
  89  7:57  SCV, Marine  
  83  8:04  SCV  
  83  8:05  Siege Tank  
  84  8:07  Viking  
  84  8:10  SCV  
  82  8:15  Viking  
  82  8:22  Orbital Command  
  76  8:28  Refinery  
  76  8:32  Barracks, SCV  
  76  8:34  Barracks  
  77  8:35  Marine  
Tags
 
Add a new tag
Caveats
  • Supply blocks, unpowered buildings, or Contaminate may cause inaccurate times.
  • Supply counts are checked every 10 seconds.